 Dungeon Crawl Stone Soup version 0.26-a0-1205-g4083c211ab (webtiles) character file.

Game seed: 14279644115316168309

9 CurlyBrace the Sneak (level 2, -6/14 HPs)
             Began as a Felid Delver on Dec 29, 2020.
             Mangled by an ogre
             ... wielding a +0 giant spiked club
              (20 damage)
             ... on level 6 of the Dungeon.
             The game lasted 00:00:12 (15 turns).

CurlyBrace the Sneak (Felid Delver)                   Turns: 15, Time: 00:00:12

Health: -6/14      AC:  1    Str:  8    XL:     2   Next: 6%
Magic:  3/3        EV: 18    Int: 11    God:
Gold:   0          SH:  0    Dex: 17    Spells: 1/1 levels left
                                        Lives:  0   Deaths: 0

rFire    . . .     SeeInvis +     - Unarmed
rCold    . . .     Faith    .   (shield unavailable)
rNeg     . . .     Spirit   .   (armour unavailable)
rPois    .         Reflect  .   (helmet unavailable)
rElec    .         Harm     .   (cloak unavailable)
rCorr    .         Rampage  .   (gloves unavailable)
Will     .....                  (boots unavailable)
Stlth    ++++......             (no amulet)
HPRegen  0.04/turn              (no ring)
MPRegen  0.08/turn              (no ring)

@: quick
A: very small, no armour, no weapons or thrown items, stealth, claws 1, fangs 3,
see invisible, speed 1, shaggy fur 1, sharp paws
a: no special abilities


You were on level 6 of the Dungeon.
You visited 1 branch of the dungeon, and saw 2 of its levels.

Inventory:

Wands
 v - a wand of digging (3)
Scrolls
 a - a scroll of fog
 b - a scroll of magic mapping
 c - a scroll of fear
Potions
 h - a potion of haste


   Skills:
 - Level 3.0 Fighting
 - Level 3.0 Dodging
 + Level 6.7 Stealth
 * Level 2.4 Unarmed Combat


You had one spell level left.
You didn't know any spells.
Your spell library was empty.

Dungeon Overview and Level Annotations

Branches:
Dungeon (6/15)
 Temple: D:4-7

Altars:


Innate Abilities, Weirdness & Mutations

You cannot wear armour.
You are incapable of wielding weapons or throwing items.
Your paws allow you to move quietly. (Stealth)
You have sharp claws.
You have razor-sharp teeth.
You have supernaturally acute eyesight. (SInv)
You cover ground quickly.
You are covered in fur. (AC +1)
Your sharp claws are effective at attacking unaware monsters.


Message History

An ogre comes into view. It is wielding a +0 giant spiked club.
You pounce on the unaware helpless adder!
You mangle the adder!!
You kill the adder!
Training target 3.0 for Dodging reached!
Your Dodging skill increases to level 3!
You have reached level 2!
There is a stone staircase leading up here.
You see here a scroll labelled QAG TYOZANIGEU.
The helpless ogre fails to defend itself.
You mangle the ogre!!
The ogre is almost dead.
The ogre completely misses you.
You barely miss the ogre.
The ogre is almost dead.
You scratch the ogre but do no damage. Your bite misses the ogre.
The ogre is almost dead.
The ogre hits you with a +0 giant spiked club!!
Ouch! That really hurt!
You die...

#.............
#.............
#......(......
#......##+####
#.............
####<..##>....
######.#.#......
.................
#######+#@#.....
........O......
........#......
........#......
......... .....
......... .....
......... #...
.......... ...


You could see an ogre.

Vanquished Creatures
  An adder (D:6)
1 creature vanquished.

Notes
Turn   | Place    | Note
-------+----------+-------------------------------------------
     0 | D:5      | CurlyBrace the Felid Delver began the quest for the Orb.
     0 | D:5      | Reached XP level 1. HP: 10/10 MP: 2/2
     6 | D:6      | Noticed an ogre
     8 | D:6      | Reached XP level 2. HP: 14/14 MP: 3/3
    15 | D:6      | Mangled by an ogre

Illustrated notes

Levels and vault maps discovered:
D:5:      layout_loops_ring, chequers_ossuary_entry_cave, uniq_edmund
D:6:      layout_basic, serial_glass, glass_columns_b, glass_columns_b,
          uniq_menkaure

Skill      XL: |  1 |
---------------+----+-----
Dodging        | 3 |  3.0
Fighting       | |  3.0
Stealth        | |  6.7
Unarmed Combat | |  2.4

Action                   || total
-------------------------++-------
Melee: Unarmed           ||     4
 Stab: Sleeping          ||     2
Dodge: Dodged            ||     1

Table legend: (Time is in decaauts)
 A = Elapsed time spent in this place.
 B = Non-inter-level travel time spent in this place.
 C = Inter-level travel time spent in this place.
 D = Time resting spent in this place.
 E = Time spent auto-exploring this place.
 F = Levels seen in this place.
 G = Mean time per level.
                   A        B        C        D        E       F      G
               +--------+--------+--------+--------+--------+-----+--------+
         Total |     12 |     12 |      0 |      0 |      0 |   2 |    6.0 |
       Dungeon |     12 |     12 |      0 |      0 |      0 |   2 |    6.0 |
               +--------+--------+--------+--------+--------+-----+--------+

Top non-repeatable levels by time:
     D:6: 11 daAuts
     D:5: 1 daAuts
